 Dungeon Crawl Stone Soup version 0.29-a0-459-g97dee8cd24 (webtiles) character file.

Game seed: 11479560283463549075

79 zishaf the Grasshopper (level 4, -2/37 HPs)
             Began as a Barachi Warper on May 20, 2022.
             Slain by Ijyb
             ... wielding a +0 dagger
              (3 damage)
             ... on level 3 of the Dungeon.
             The game lasted 00:05:54 (2586 turns).

zishaf the Grasshopper (Barachi Warper)             Turns: 2586, Time: 00:05:55

Health: -2/37      AC:  5    Str: 12    XL:     4   Next: 38%
Magic:  7/7        EV: 10    Int: 16    God:
Gold:   194        SH:  0    Dex: 11    Spells: 5/7 levels left

rFire   . . .      SeeInvis .   a - +0 falchion
rCold   . . .      Faith    .   (no shield)
rNeg    . . .      Spirit   .   m - +0 ring mail
rPois   .          Reflect  .   (no helmet)
rElec   .          Harm     .   (no cloak)
rCorr   .          Rampage  .   (no gloves)
Will    .....                   (no boots)
Stlth   +.........              (no amulet)
HPRegen 0.12/turn               (no ring)
MPRegen 0.10/turn               (no ring)

@: slow
A: amphibious, slowness 1, strong legs 1, +LOS
a: Hop


You were on level 3 of the Dungeon.
You visited 1 branch of the dungeon, and saw 3 of its levels.

You collected 194 gold pieces.

Inventory:

Hand Weapons
 a - a +0 falchion (weapon)
 b - a +0 hunting sling
Missiles
 d - 7 boomerangs of dispersal (quivered)
Armour
 f - a +0 leather armour
 m - a +0 ring mail (worn)
Scrolls
 c - a scroll of blinking
 e - a scroll of magic mapping {unknown}
 g - a scroll of acquirement {unknown}
 h - a scroll of immolation {unknown}
 i - 3 scrolls of identify {unknown}
 j - a scroll of fog {unknown}
 k - a scroll of teleportation {unknown}
 l - a scroll of fear {unknown}


   Skills:
 + Level 3.7 Fighting
 + Level 3.6 Long Blades
 - Level 1.0 Throwing
 - Level 1.2 Armour
 - Level 2.1 Dodging
 - Level 2.1 Spellcasting
 + Level 4.1 Translocations


You had 5 spell levels left.
You knew the following spells:

 Your Spells              Type           Power      Damage    Failure   Level
a - Blink                 Tloc           30%        N/A       13%         2

Your spell library contained the following spells:

 Spells                   Type           Power      Damage    Failure   Level
 Gell's Gravitas          Tloc           15%        N/A       26%         3
 Lesser Beckoning         Tloc           15%        N/A       26%         3
 Teleport Other           Tloc           15%        N/A       26%         3
 Ignite Poison            Fire/Tmut/Pois 1%         N/A       80%         3
 Mephitic Cloud           Conj/Pois/Air  1%         N/A       80%         3
 Manifold Assault         Tloc           15%        N/A       93%         5
 Freezing Cloud           Conj/Ice/Air   0%         6-21      100%        5


Dungeon Overview and Level Annotations

Branches:
Dungeon (3/15)

Altars:

Shops:
D:1 *(?*

Annotations:
D:3 Ijyb


Innate Abilities, Weirdness & Mutations

You are amphibious.
You cover ground slowly.
You can hop short distances.
You have an extended range of vision and can be seen from far away.


Message History

Ijyb is moderately wounded.
Ijyb hits you but does no damage.
You hit Ijyb but do no damage.
Ijyb is moderately wounded.
Ijyb misses you.
You hit Ijyb.
Ijyb is moderately wounded.
Ijyb barely misses you.
You hit Ijyb but do no damage.
Ijyb is moderately wounded.
Ijyb completely misses you.
You hit Ijyb.
Ijyb is severely wounded.
Ijyb hits you with a +0 dagger. x2
* * * LOW HITPOINT WARNING * * *
You hit Ijyb.
Ijyb is severely wounded.
Ijyb hits you but does no damage.
You hit Ijyb.
Ijyb is almost dead.
Ijyb hits you but does no damage.
You hit Ijyb.
Ijyb is almost dead.
Ijyb hits you with a +0 dagger.
* * * LOW HITPOINT WARNING * * *
You hit Ijyb but do no damage.
Ijyb is almost dead.
Ijyb hits you with a +0 dagger.
* * * LOW HITPOINT WARNING * * *
You closely miss Ijyb.
Ijyb is almost dead.
Ijyb hits you with a +0 dagger.
* * * LOW HITPOINT WARNING * * *
You hit Ijyb but do no damage.
Ijyb is almost dead.
Ijyb hits you but does no damage.
You hit Ijyb but do no damage.
Ijyb is almost dead.
Ijyb hits you with a +0 dagger.
You die...

... ... #.# ... ...#
#.# #..# # #.# #..#
#. #.# #..# ##.# #.#
#..# ##..g####.#
#..#
.##....@.##.###..##
..................<#
####...............#
##......#.###...##
.....##.##....#...##
.#####
#.#####.#..#.# #:#
#.##..##
#.#####.##..#
#...........#


You could see Ijyb.

Vanquished Creatures
  2 adders
  A dart slug (D:1)
  7 bats
  An endoplasm (D:1)
  2 giant cockroaches
  9 hobgoblins
  2 jackals (D:1)
  5 kobolds
  2 quokkas
  4 ball pythons
  A frilled lizard (D:1)
  6 goblins
  15 rats
57 creatures vanquished.

Notes
Turn   | Place    | Note
-------+----------+-------------------------------------------
     0 | D:1      | zishaf the Barachi Warper began the quest for the Orb.
     0 | D:1      | Reached XP level 1. HP: 17/17 MP: 3/3
   261 | D:1      | Reached XP level 2. HP: 18/23 MP: 5/5
   334 | D:1      | Found a faded altar of an unknown god.
   336 | D:1      | Found Saulur's Assorted Antiques.
   430 | D:1      | Found Suonul's Magic Scroll Shoppe.
   439 | D:1      | Found Seotaush's Antique Weapon Boutique.
   470 | D:1      | Found Tezuri's Assorted Antiques.
   642 | D:1      | Reached XP level 3. HP: 26/29 MP: 6/6
  1603 | D:2      | Reached skill level 4 in Translocations
  1603 | D:2      | Reached XP level 4. HP: 11/35 MP: 7/7
  2497 | D:3      | Learned a level 2 spell: Blink
  2546 | D:3      | Noticed Ijyb
  2553 | D:3      | Paralysed by Ijyb for 4 turns
  2561 | D:3      | Paralysed by Ijyb for 5 turns
  2584 | D:3      | HP: 1/37 [Ijyb/+0 dagger (3)]
  2586 | D:3      | Slain by Ijyb

Illustrated notes

Levels and vault maps discovered:
D:1:      nzn_arrival_settlement, layout_rooms, ebering_ecumenical_altar_rust,
          serial_shops, shop_fountains, shop, shop, shop
D:2:      layout_rooms, chequers_serial_rivers_room_b, minmay_rat_gold_closets
D:3:      layout_loops_ring, uniq_ijyb

Skill      XL: |  1  2  3 |
---------------+----------+-----
Fighting       | 3 |  3.7
Long Blades    | 3 |  3.6
Translocations | 4 |  4.1
Throwing       | |  1.0
Armour         | |  1.2
Dodging        | |  2.1
Spellcasting   | |  2.1

Action                   |  1- 3 |  4- 6 || total
-------------------------+-------+-------++-------
Melee: Falchion          |   123 |    89 ||   212
       Punch             |     1 |     1 ||     2
 Fire: Hunting sling     |    52 |       ||    52
 Abil: Hop               |       |     1 ||     1
 Stab: Sleeping          |       |     1 ||     1
Armor: Leather armour    |    55 |    19 ||    74
       Ring mail         |       |    12 ||    12
Dodge: Dodged            |   122 |    46 ||   168

Table legend: (Time is in decaauts)
 A = Elapsed time spent in this place.
 B = Non-inter-level travel time spent in this place.
 C = Inter-level travel time spent in this place.
 D = Time resting spent in this place.
 E = Time spent auto-exploring this place.
 F = Levels seen in this place.
 G = Mean time per level.
                   A        B        C        D        E       F      G
               +--------+--------+--------+--------+--------+-----+--------+
         Total |   2804 |   2770 |     34 |    258 |   1967 |   3 |  934.7 |
       Dungeon |   2804 |   2770 |     34 |    258 |   1967 |   3 |  934.7 |
               +--------+--------+--------+--------+--------+-----+--------+

Top non-repeatable levels by time:
     D:1: 1286 daAuts
     D:2: 1188 daAuts
     D:3: 329 daAuts
